Map: Thunderbird LE

Players

LsEbA

  • Race: Zerg Zerg
  • League: Master
  • Spawn Location: 5:00

thermostaat (uThermal) - Winner!

  • Race: Terran Terran
  • Spawn Location: 11:00

Event: NationWars 2019

VOD

Have the link to the VOD?

Description

Time

  • Played on: Oct. 11, 2019, 1:51 p.m.
  • Length: 7:19
Show
View Real Time Build Order
Export as new Build Order

LsEbA Zerg 

Build Orders: Hatch First 

Get SALT Encoding   

  12  0:00  Drone  
  13  0:12  Overlord  
  13  0:16  Drone  
  14  0:30  Drone  
  14  0:31  Drone  
  16  0:36  Drone  
  17  0:52  Hatchery  
  17  0:54  Drone  
  17  0:57  Drone  
  17  1:03  Extractor  
  17  1:12  Spawning Pool  
  17  1:15  Drone  
  17  1:19  Drone  
  18  1:29  Drone  
  19  1:40  Drone  
  20  1:49  Overlord  
  20  1:59  Queen  
  22  2:04  Queen  
  22  2:07  Metabolic Boost  
  24  2:09  Zergling x4  
  24  2:12  Drone  
  27  2:15  Drone  
  27  2:21  Drone  
  29  2:26  Drone  
  30  2:33  Drone  
  30  2:37  Drone  
  30  2:40  Queen  
  34  2:44  Drone  
  34  2:48  Drone  
  35  2:56  Overlord  
  35  3:10  Hatchery  
  34  3:13  Queen  
  34  3:14  Zergling x12  
  34  3:17  Drone  
  43  3:21  Overlord  
  43  3:42  Drone  
  43  3:43  Drone x2  
  43  3:44  Drone x3  
  49  3:51  Drone x3  
  49  3:54  Lair  
  52  4:00  Roach Warren, Evolution Chamber  
  52  4:01  Drone x2  
  52  4:15  Drone x2  
  52  4:22  Extractor  
  52  4:23  Extractor, Overlord  
  52  4:24  Queen, Overlord  
  50  4:26  Drone  
  50  4:27  Drone x5  
  58  4:31  Zerg Missile Weapons Level 1  
  58  4:39  Overlord x3  
  58  4:48  Drone x3, Baneling Nest  
  60  4:55  Drone x3  
  60  4:56  Drone x2  
  63  5:01  Drone x3  
  63  5:06  Roach  
  61  5:08  Roach  
  61  5:11  Roach  
  58  5:16  Roach  
  58  5:18  Roach  
  58  5:19  Roach  
  58  5:20  Roach  
  58  5:21  Roach  
  49  5:28  Roach  
  49  5:29  Roach  
  49  5:31  Drone  
  49  5:42  Roach  
  49  5:44  Roach  
  51  5:52  Overlord  
  51  5:55  Zergling x2  
  51  5:56  Zergling x2  
  53  5:58  Zergling x2  
  53  6:01  Overseer  
  54  6:04  Drone  
  55  6:11  Zergling x6  
  55  6:14  Zergling x2  
  55  6:18  Zergling x2  
  60  6:21  Zergling x2  
  60  6:23  Zergling x2  
  60  6:25  Zergling x2  
  63  6:26  Zergling x2  
  63  6:32  Zergling x2  
  63  6:33  Zergling x2  
  63  6:37  Zergling x2  
  64  6:42  Zergling x2  
  64  6:43  Zergling x6  
  58  6:49  Zergling x2  
  58  6:51  Zergling x4  
  61  6:57  Zergling x2  
  61  6:59  Zergling x2  
  60  7:01  Zergling x2  
  60  7:02  Zergling x2  
Show
View Real Time Build Order
Export as new Build Order

thermostaat Terran - Winner!

Build Orders: Liberator Opening, Reaper Expand 

Get SALT Encoding   

  12  0:01  SCV  
  13  0:13  SCV  
  14  0:16  Supply Depot  
  14  0:25  SCV  
  15  0:38  SCV  
  15  0:40  Barracks  
  15  0:42  Refinery  
  16  0:50  SCV  
  17  1:02  SCV  
  18  1:14  SCV  
  19  1:27  Orbital Command, Reaper  
  20  1:39  Command Center  
  20  1:47  Supply Depot  
  20  1:53  SCV  
  21  1:59  Marine  
  22  2:05  SCV  
  22  2:08  Factory  
  23  2:14  Refinery  
  23  2:17  SCV  
  23  2:20  Barracks Reactor  
  24  2:29  SCV  
  25  2:41  SCV  
  26  2:52  Orbital Command  
  26  2:53  SCV  
  26  2:55  Starport  
  27  3:02  Hellion x2  
  27  3:03  Barracks Tech Lab  
  31  3:06  SCV  
  32  3:17  Liberator  
  32  3:18  SCV x2  
  34  3:24  Hellion x2  
  38  3:28  Supply Depot  
  38  3:30  SCV x2  
  43  3:42  SCV x2  
  43  3:47  Hellion  
  46  3:50  Hellion  
  46  3:54  Stimpack, SCV, Marine  
  50  4:00  Supply Depot  
  50  4:01  SCV  
  51  4:06  SCV  
  51  4:09  Hellion  
  53  4:24  SCV, Command Center  
  53  4:27  Starport Reactor  
  53  4:28  SCV  
  55  4:32  Supply Depot  
  55  4:34  Marine  
  55  4:37  SCV  
  57  4:40  SCV  
  57  4:41  Factory Tech Lab  
  58  4:50  Barracks x2, SCV  
  58  4:52  SCV  
  60  4:55  Marauder  
  62  5:02  SCV  
  62  5:03  Supply Depot  
  62  5:04  SCV  
  61  5:10  Siege Tank  
  62  5:14  SCV  
  62  5:16  SCV  
  62  5:20  Engineering Bay x2  
  64  5:25  Refinery, Marine  
  64  5:26  SCV, Refinery  
  63  5:28  SCV  
  59  5:37  Orbital Command  
  59  5:39  SCV  
  59  5:40  SCV  
  61  5:44  Siege Tank, Marine x2  
  61  5:46  Combat Shield  
  62  5:51  SCV  
  62  5:52  SCV  
  62  5:54  Marine  
  62  5:55  Starport Reactor  
  65  5:57  Marine  
  65  5:58  Marine  
  67  6:04  Orbital Command  
  67  6:05  SCV, Marine x2  
  70  6:11  Marine  
  70  6:12  Barracks x2, SCV  
  70  6:16  Siege Tank  
  70  6:17  SCV  
  70  6:18  Marine x2  
  77  6:23  Marine  
  78  6:26  Marine  
  78  6:29  Marine  
  80  6:33  Orbital Command, Medivac x2  
  80  6:36  Marine x2  
  83  6:41  Marine  
  83  6:44  Marine  
  79  6:47  Marine  
  79  6:51  SCV  
  79  6:53  Supply Depot, Marine x2  
  86  6:55  SCV  
  86  6:56  Supply Depot  
  86  6:59  Marine  
Tags
 
Add a new tag
Caveats
  • Supply blocks, unpowered buildings, or Contaminate may cause inaccurate times.
  • Supply counts are checked every 10 seconds.